 Dungeon Crawl Stone Soup version 0.32-a0-39-g5c88369fb2 (webtiles) character file.

Game seed: 13586841569694757124

21 IFactor the Ruffian (level 2, -3/9 HPs)
             Began as a Troll Berserker on Feb 2, 2024.
             Was a Follower of Trog.
             Slain by Terence
             ... wielding a +0 mace
              (5 damage)
             ... on level 2 of the Dungeon.
             The game lasted 00:04:07 (596 turns).

IFactor the Ruffian (Troll Berserker)                Turns: 596, Time: 00:04:08

Health: -3/9       AC:  2    Str: 24    XL:     2   Next: 62%
Magic:  1/1        EV: 14    Int:  3    God:    Trog [*.....]
Gold:   68         SH:  0    Dex:  9    Spells: 1/1 levels left

rFire   . .          .
                       - Unarmed
rCold   . . .        (shield currently unavailable)
rNeg    . . .        a - melded +0 animal skin
rPois   .            (helmet restricted)
rElec   .            (no cloak)
rCorr   .            (gloves unavailable)
SInv    .            (boots unavailable)
Will    .....        (no amulet)
Stlth   +            (no ring)
HPRegen 1.01/turn    (no ring)
MPRegen 0.07/turn

%: no passive effects
@: flux-form, glowing
A: glow, contaminating, reduced hp, large, unfitting armour, claws 3,
regeneration 1, shaggy fur 1, tough skin 1
a: Begin Untransformation, Renounce Religion, Berserk


You were on level 2 of the Dungeon.
You worshipped Trog.
Trog was aware of your devotion.
You were something dangerously unstable.
You visited 1 branch of the dungeon, and saw 2 of its levels.

You collected 68 gold pieces.

Inventory:

Missiles
 c - 2 atropa-tipped darts (quivered)
Armour
 a - a +0 animal skin (melded)
Talismans
 b - a flux talisman (active)
Scrolls
 d - a scroll of identify {unknown}
 e - a scroll of vulnerability {unknown}


   Skills:
 * Level 2.7 Fighting
 * Level 2.6 Dodging
 * Level 3.3 Unarmed Combat
 * Level 0.2 Shapeshifting


You had one spell level left.
You didn't know any spells.
Your spell library was empty.

Dungeon Overview and Level Annotations

Branches:
Dungeon (2/15)

Altars:

Shops:
D:2 (

Annotations:
D:2 Terence


Innate Abilities, Weirdness & Mutations

You are something dangerously unstable.
You glow with magical radiation, making you easy to see and hit.
Foes you strike become dangerously contaminated with magical radiation.
Your maximum health is decreased, since you lack skill for your form.
You are incapable of wielding weapons or throwing items.
You are too large for most types of armour.
You have claws for hands.
Your natural rate of healing is unusually fast.
You are covered in fur. (AC +1)
You have tough skin. (AC +1)


Message History

Trog accepts your kill.
Found a stone staircase leading up.
A hobgoblin comes into view. It is wielding a +0 hand axe.
You scratch the hobgoblin.
The hobgoblin begins to glow.
The hobgoblin is severely wounded.
The hobgoblin misses you.
You claw the hobgoblin!
You kill the hobgoblin!
Trog accepts your kill.
You now have 57 gold pieces (gained 17).
There is an open door here.
Things that are here:
a +0 hand axe; a hobgoblin corpse You now have 68 gold pieces (gained 11).
There is an open door here.
A ball python comes into view.
The ball python hisses angrily.
You scratch the ball python.
The ball python begins to glow.
The ball python is severely wounded.
The ball python barely misses you.
You scratch the ball python.
You kill the ball python!
Trog accepts your kill.
Terence the Incautious comes into view.
He is wielding a +0 mace.
Terence shouts!
You start waiting.
Terence is nearby!
Terence hits you with a +0 mace!
Ouch! That really hurt!
* * * LOW HITPOINT WARNING * * *
You claw Terence!
Terence begins to glow.
Terence is heavily wounded.
Terence hits you with a +0 mace.
* * * LOW HITPOINT WARNING * * *
You scratch Terence.
Terence glows dangerously bright.
Terence is severely wounded.
Terence hits you with a +0 mace.
Ouch! That really hurt!
You die...
Terence says, "Rest in peace."

.####.##.#.# #†# .#
#.##.#.###.# .#
#.##...∩...# ..
..####.##### ## ####...#
#### ## ##.### #.. .##
##..######.# .##
..####.......##.###....#
..+.............p@......
..####....##.##.##.....#
.## ##.#..#.##.# ##.##
## #....#.##.# #
##.#.#.##.. #.#.#.####
#.....# ###.### #.#


You could see Terence (heavy contam).

Vanquished Creatures
  A dart slug (D:1)
  5 ball pythons
  5 goblins (D:1)
  2 hobgoblins
  2 kobolds (D:1)
  A bat (D:2)
  A rat (D:1)
17 creatures vanquished.

Notes
Turn   | Place    | Note
-------+----------+-------------------------------------------
     0 | D:1      | IFactor the Troll Berserker began the quest for the Orb.
     0 | D:1      | Reached XP level 1. HP: 22/22 MP: 0/0
    73 | D:1      | Found a faded altar of an unknown god.
   191 | D:1      | Reached XP level 2. HP: 29/29 MP: 1/1
   482 | D:1      | You fall into a shaft and drop 1 floor!
   490 | D:2      | Found Foed's Antique Weapon Shop.
   590 | D:2      | Noticed Terence
   596 | D:2      | Slain by Terence

Illustrated notes

Levels and vault maps discovered:
D:1:      grunt_arrival_crossed_arrows, layout_loops_ring,
          hellmonk_ecumenical_altar_zigzags
D:2:      layout_loops_corners, serial_shops, shop, uniq_robin, uniq_natasha,
          uniq_crazy_yiuf_cottage, uniq_terence

Action                     || total
---------------------------++-------
  Melee: Unarmed           ||    29
 Armour: Animal skin       ||     7
         Skin              ||     3
  Dodge: Dodged            ||     7
   Form: Flux              ||     1

Table legend: (Time is in decaauts)
 A = Elapsed time spent in this place.
 B = Non-inter-level travel time spent in this place.
 C = Inter-level travel time spent in this place.
 D = Time resting spent in this place.
 E = Time spent auto-exploring this place.
 F = Levels seen in this place.
 G = Mean time per level.
                   A        B        C        D        E       F      G
               +--------+--------+--------+--------+--------+-----+--------+
         Total |    594 |    594 |      0 |      8 |    470 |   2 |  297.0 |
       Dungeon |    594 |    594 |      0 |      8 |    470 |   2 |  297.0 |
               +--------+--------+--------+--------+--------+-----+--------+

Top non-repeatable levels by time:
     D:1: 481 daAuts
     D:2: 113 daAuts
